TOP OF THE 1ST |
Connetquot Chiefs batting - Pitching for York Revolution : LHP Ricardo Roquette
|
Pitching: LHP Ricardo Roquette
|
|
Batting: RHB Juan Salinas
|
0-0: Fly out, F4 (Popup, 4D)
|
Batting: RHB Enrique Morales
|
0-0: Ball 1-0: Called Strike 1-1: Ball 2-1: Foul Ball, location: 2F 2-2: Strikes out swinging
|
Batting: RHB Arturo Morales
|
0-0: Called Strike 0-1: Ball 1-1: Swinging Strike 1-2: Ball 2-2: Foul Ball, location: 2F 2-2: Foul Ball, location: 2F 2-2: Strikes out swinging
|
Top of the 1st over - 0 run(s), 0 hit(s), 0 error(s), 0 left on base; Connetquot 0 - York 0 |
BOTTOM OF THE 1ST |
York Revolution batting - Pitching for Connetquot Chiefs : RHP Carlos Rosales
|
Pitching: RHP Carlos Rosales
|
|
Batting: RHB Jerrel Woestenberg
|
0-0: Swinging Strike 0-1: Ball 1-1: Foul Ball, location: 2F 1-2: Ball 2-2: Strikes out swinging
|
Batting: RHB Parker Smith
|
0-0: Ball 1-0: Fly out, F9 (Flyball, 89M)
|
Batting: LHB Natale Langushi
|
0-0: Ball 1-0: Ball 2-0: SINGLE (Flyball, 89S)
|
Batting: RHB Roberto Ruíz
|
0-0: Swinging Strike 0-1: Ball 1-1: Ball 2-1: Foul Ball, location: 2F 2-2: Ball 3-2: Foul Ball, location: 2F 3-2: Strikes out looking
|
Bottom of the 1st over - 0 run(s), 1 hit(s), 0 error(s), 1 left on base; Connetquot 0 - York 0 |
TOP OF THE 2ND |
Connetquot Chiefs batting - Pitching for York Revolution : LHP Ricardo Roquette
|
Batting: RHB Menno van de Vlugt
|
0-0: Ball 1-0: Ball 2-0: Fly out, F7 (Flyball, 7D)
|
Batting: RHB José Magana
|
0-0: Ball 1-0: Called Strike 1-1: Foul Ball, location: 2F 1-2: Fly out, F2 (Popup, 2RF)
|
Batting: RHB Mario Rivera
|
0-0: Ball 1-0: Ball 2-0: Ball 3-0: Base on Balls
|
Batting: LHB Félix Fernández
|
0-0: Ball 1-0: Foul Ball, location: 2F 1-1: Swinging Strike 1-2: Strikes out swinging
|
Top of the 2nd over - 0 run(s), 0 hit(s), 0 error(s), 1 left on base; Connetquot 0 - York 0 |
BOTTOM OF THE 2ND |
York Revolution batting - Pitching for Connetquot Chiefs : RHP Carlos Rosales
|
Batting: LHB Marcos Deleón
|
0-0: Fly out, F8 (Flyball, 8RM)
|
Batting: RHB José Ruíz
|
0-0: Swinging Strike 0-1: Foul Ball, location: 2F 0-2: Strikes out looking
|
Batting: RHB Danilo Mosca
|
0-0: Ball 1-0: Ball 2-0: Ball 3-0: Base on Balls
|
Batting: RHB Pedro Luna
|
0-0: Ball 1-0: Ball Danilo Mosca steals 2nd base 2-0: Called Strike 2-1: Foul Ball, location: 2F 2-2: Fly out, F7 (Flyball, 7M)
|
Bottom of the 2nd over - 0 run(s), 0 hit(s), 0 error(s), 1 left on base; Connetquot 0 - York 0 |
TOP OF THE 3RD |
Connetquot Chiefs batting - Pitching for York Revolution : LHP Ricardo Roquette
|
Batting: RHB Emanuel Bree
|
0-0: Foul Ball, location: 2F 0-1: Ball 1-1: Foul Ball, location: 2F 1-2: Foul Ball, location: 2F 1-2: Strikes out swinging
|
Batting: RHB Fred Burt
|
0-0: Swinging Strike 0-1: Called Strike 0-2: Ball 1-2: Ball 2-2: Ground out 1-3 (Groundball, 23)
|
Batting: RHB Juan Salinas
|
0-0: Ball 1-0: Ball 2-0: Called Strike 2-1: Foul Ball, location: 2F 2-2: Fly out, F8 (Flyball, 8LD)
|
Top of the 3rd over - 0 run(s), 0 hit(s), 0 error(s), 0 left on base; Connetquot 0 - York 0 |
BOTTOM OF THE 3RD |
York Revolution batting - Pitching for Connetquot Chiefs : RHP Carlos Rosales
|
Batting: SHB Noel King
|
0-0: Ball 1-0: Foul Ball, location: 2F 1-1: Called Strike 1-2: SINGLE (Groundball, 15) (infield hit)
|
Batting: RHB Jerrel Woestenberg
|
0-0: Called Strike 0-1: Ball 1-1: Called Strike 1-2: Strikes out swinging
|
Batting: RHB Parker Smith
|
0-0: Called Strike 0-1: SINGLE (Line Drive, 34D) Noel King to second
|
Batting: LHB Natale Langushi
|
0-0: Foul Ball, location: 2F 0-1: Ball Noel King is caught stealing 3rd base Parker Smith to second 1-1: Foul Ball, location: 2F 1-2: Ball 2-2: Ball 3-2: SINGLE (Groundball, 34D) Parker Smith to third Parker Smith scores
|
Batting: RHB Roberto Ruíz
|
0-0: Called Strike 0-1: Ball 1-1: Ball 2-1: SINGLE (Line Drive, 9LS) Natale Langushi to second Runner from 2nd tries for 3rd, SAFE, throw made to third
|
Batting: LHB Marcos Deleón
|
0-0: Ball 1-0: Called Strike 1-1: Swinging Strike 1-2: Strikes out swinging
|
Bottom of the 3rd over - 1 run(s), 4 hit(s), 0 error(s), 2 left on base; Connetquot 0 - York 1 |
TOP OF THE 4TH |
Connetquot Chiefs batting - Pitching for York Revolution : LHP Ricardo Roquette
|
Batting: RHB Enrique Morales
|
0-0: Called Strike 0-1: Ball 1-1: Foul Ball, location: 2F 1-2: Ball 2-2: Ground out 6-3 (Groundball, 6)
|
Batting: RHB Arturo Morales
|
0-0: Ball 1-0: SINGLE (Line Drive, 7S)
|
Batting: RHB Menno van de Vlugt
|
0-0: Foul Ball, location: 2F 0-1: Fly out, F4 (Popup, 34)
|
Batting: RHB José Magana
|
0-0: Foul Ball, location: 2F 0-1: Foul Ball, location: 2F 0-2: Ball 1-2: Foul Ball, location: 2F 1-2: Ball 2-2: Foul Ball, location: 2F 2-2: Strikes out swinging
|
Top of the 4th over - 0 run(s), 1 hit(s), 0 error(s), 1 left on base; Connetquot 0 - York 1 |
BOTTOM OF THE 4TH |
York Revolution batting - Pitching for Connetquot Chiefs : RHP Carlos Rosales
|
Batting: RHB José Ruíz
|
0-0: Foul Ball, location: 2F 0-1: Ball 1-1: Ball 2-1: Called Strike 2-2: Foul Ball, location: 2F 2-2: Ball 3-2: Ground out 4-3 (Groundball, 4M)
|
Batting: RHB Danilo Mosca
|
0-0: Ball 1-0: Foul Ball, location: 2F 1-1: Ball 2-1: Called Strike 2-2: Foul Ball, location: 2F 2-2: Foul Ball, location: 2F 2-2: Strikes out looking
|
Batting: RHB Pedro Luna
|
0-0: Ball 1-0: Ball 2-0: Ball 3-0: Base on Balls
|
Batting: SHB Noel King
|
0-0: Ball 1-0: Foul Ball, location: 2F 1-1: Fly out, F6 (Popup, 6D)
|
Bottom of the 4th over - 0 run(s), 0 hit(s), 0 error(s), 1 left on base; Connetquot 0 - York 1 |
TOP OF THE 5TH |
Connetquot Chiefs batting - Pitching for York Revolution : LHP Ricardo Roquette
|
Batting: RHB Mario Rivera
|
0-0: Swinging Strike 0-1: Ball 1-1: Called Strike 1-2: Ground out 5-3 (Groundball, 56S)
|
Batting: LHB Félix Fernández
|
0-0: Ball 1-0: Ball 2-0: Called Strike 2-1: Ball 3-1: Foul Ball, location: 2F 3-2: Foul Ball, location: 2F 3-2: Foul Ball, location: 2F 3-2: SINGLE (Line Drive, 78S)
|
Batting: RHB Emanuel Bree
|
0-0: Ball 1-0: Ball 2-0: Foul Ball, location: 2F 2-1: Swinging Strike 2-2: Foul Ball, location: 2F 2-2: Strikes out swinging
|
Batting: RHB Fred Burt
|
0-0: Called Strike 0-1: Called Strike 0-2: Strikes out swinging
|
Top of the 5th over - 0 run(s), 1 hit(s), 0 error(s), 1 left on base; Connetquot 0 - York 1 |
BOTTOM OF THE 5TH |
York Revolution batting - Pitching for Connetquot Chiefs : RHP Carlos Rosales
|
Batting: RHB Jerrel Woestenberg
|
0-0: Ball 1-0: Ball 2-0: SINGLE (Groundball, 56)
|
Batting: RHB Parker Smith
|
0-0: Sac Bunt - play at second, runner OUT! 5-6
|
Batting: LHB Natale Langushi
|
0-0: Ball 1-0: Ball 2-0: Called Strike 2-1: Foul Ball, location: 2F 2-2: Ball 3-2: Strikes out swinging
|
Batting: RHB Roberto Ruíz
|
0-0: Called Strike 0-1: Foul Ball, location: 2F 0-2: Ball 1-2: Ball 2-2: Foul Ball, location: 2F 2-2: Foul Ball, location: 2F 2-2: Ground out 5-3 (Groundball, 56S)
|
Bottom of the 5th over - 0 run(s), 1 hit(s), 0 error(s), 1 left on base; Connetquot 0 - York 1 |
TOP OF THE 6TH |
Connetquot Chiefs batting - Pitching for York Revolution : LHP Ricardo Roquette
|
Batting: RHB Juan Salinas
|
0-0: Foul Ball, location: 2F 0-1: Foul Ball, location: 2F 0-2: Ball 1-2: Ball 2-2: Ground out 5-3 (Groundball, 5S)
|
Batting: RHB Enrique Morales
|
0-0: Ball 1-0: Ball 2-0: Foul Ball, location: 2F 2-1: Ball 3-1: Base on Balls
|
Batting: RHB Arturo Morales
|
0-0: Called Strike 0-1: Ball Throwing error on steal attempt, E2 Enrique Morales to third 1-1: Foul Ball, location: 2F 1-2: Foul Ball, location: 2F 1-2: Ball 2-2: Strikes out swinging
|
Batting: RHB Menno van de Vlugt
|
0-0: Ball 1-0: Foul Ball, location: 2F 1-1: Swinging Strike 1-2: Strikes out looking
|
Top of the 6th over - 0 run(s), 0 hit(s), 1 error(s), 1 left on base; Connetquot 0 - York 1 |
BOTTOM OF THE 6TH |
York Revolution batting - Pitching for Connetquot Chiefs : RHP Carlos Rosales
|
Batting: LHB Marcos Deleón
|
0-0: Ball 1-0: Ball 2-0: Foul Ball, location: 2F 2-1: Swinging Strike 2-2: Strikes out swinging
|
Batting: RHB José Ruíz
|
0-0: Called Strike 0-1: Ground out 6-3 (Groundball, 6)
|
Batting: RHB Danilo Mosca
|
0-0: Ball 1-0: Fly out, F7 (Flyball, 7M)
|
Bottom of the 6th over - 0 run(s), 0 hit(s), 0 error(s), 0 left on base; Connetquot 0 - York 1 |
TOP OF THE 7TH |
Connetquot Chiefs batting - Pitching for York Revolution : LHP Ricardo Roquette
|
Batting: RHB José Magana
|
0-0: Ball 1-0: Fly out, F4 (Line Drive, 4M)
|
Batting: RHB Mario Rivera
|
0-0: Foul Ball, location: 2F 0-1: Swinging Strike 0-2: Ball 1-2: Foul Ball, location: 2F 1-2: Ball 2-2: Strikes out swinging
|
Batting: LHB Félix Fernández
|
0-0: Ball 1-0: Called Strike 1-1: Called Strike 1-2: Foul Ball, location: 2F 1-2: Ball 2-2: Fly out, F7 (Flyball, 7M)
|
Top of the 7th over - 0 run(s), 0 hit(s), 0 error(s), 0 left on base; Connetquot 0 - York 1 |
BOTTOM OF THE 7TH |
York Revolution batting - Pitching for Connetquot Chiefs : RHP Carlos Rosales
|
Batting: RHB Pedro Luna
|
0-0: Called Strike 0-1: Ball 1-1: Reached on error, E5 (Groundball, 56)
|
Pinch Hitting: RHB Sergio Ortíz
|
0-0: Intentional Walk
|
Pitching: RHP Robbie Powell
|
|
Pinch Hitting: RHB Jim Unknown
|
0-0: Foul Ball, location: 2F 0-1: Sac Bunt - play at third, runner OUT! 5-6 Sergio Ortíz to second
|
Pinch Hitting: RHB Chris Costa
|
0-0: Ball 1-0: Ball 2-0: Ball 3-0: Called Strike 3-1: Base on Balls Sergio Ortíz to third Jim Unknown to second
|
Batting: LHB Natale Langushi
|
0-0: Ball 1-0: Foul Ball, location: 2F 1-1: Swinging Strike 1-2: Ball 2-2: Foul Ball, location: 2F Single, Error in OF, E7, batter to second base Sergio Ortíz scores Jim Unknown scores Chris Costa to third
|
Batting: RHB Roberto Ruíz
|
0-0: Intentional Walk
|
Batting: LHB Marcos Deleón
|
0-0: Ball 1-0: Ball 2-0: SINGLE (Line Drive, 89S) Chris Costa scores Natale Langushi to third Roberto Ruíz to second
|
Batting: RHB José Ruíz
|
0-0: Ball 1-0: Ball 2-0: Called Strike 2-1: Called Strike 2-2: Ball 3-2: Grounds into double play, 6-4-3 (Groundball, 6M)
|
Bottom of the 7th over - 3 run(s), 2 hit(s), 2 error(s), 2 left on base; Connetquot 0 - York 4 |
TOP OF THE 8TH |
Connetquot Chiefs batting - Pitching for York Revolution : LHP Ricardo Roquette
|
Pitching: RHP Manny Merico
|
|
Now at 2B: Jim Unknown
|
|
Now at 3B: Sergio Ortíz
|
|
Now in RF: Chris Costa
|
|
Batting: RHB Emanuel Bree
|
0-0: Ball 1-0: Ball 2-0: Called Strike 2-1: Ball 3-1: Base on Balls
|
Batting: RHB Fred Burt
|
0-0: Called Strike 0-1: Grounds into double play, 1-6-3 (Groundball, 15S)
|
Batting: RHB Juan Salinas
|
0-0: Bunt missed! 0-1: Ball 1-1: SINGLE (Groundball, 6MD)
|
Batting: RHB Enrique Morales
|
0-0: Ball 1-0: Called Strike 1-1: Foul Ball, location: 2F 1-2: Foul Ball, location: 2F 1-2: Ball 2-2: Foul Ball, location: 2F 2-2: Foul Ball, location: 2F 2-2: Strikes out swinging
|
Top of the 8th over - 0 run(s), 1 hit(s), 0 error(s), 1 left on base; Connetquot 0 - York 4 |
BOTTOM OF THE 8TH |
York Revolution batting - Pitching for Connetquot Chiefs : RHP Robbie Powell
|
Batting: RHB Danilo Mosca
|
0-0: Ball 1-0: Called Strike 1-1: Fly out, F6 (Line Drive, 6D)
|
Batting: RHB Pedro Luna
|
0-0: Ball 1-0: Ball 2-0: Foul Ball, location: 2F 2-1: Foul Ball, location: 2F 2-2: Ball 3-2: SINGLE (Line Drive, 56)
|
Batting: RHB Sergio Ortíz
|
0-0: Ball 1-0: Called Strike 1-1: Hit by Pitch Pedro Luna to second
|
Batting: RHB Jim Unknown
|
0-0: SINGLE (Groundball, 4MD) Pedro Luna to third Sergio Ortíz to second
|
Batting: RHB Chris Costa
|
0-0: Fly out, F4 (Popup, 3DF)
|
Batting: LHB Natale Langushi
|
0-0: Swinging Strike 0-1: Foul Ball, location: 2F 0-2: Ball 1-2: Strikes out swinging
|
Bottom of the 8th over - 0 run(s), 2 hit(s), 0 error(s), 3 left on base; Connetquot 0 - York 4 |
TOP OF THE 9TH |
Connetquot Chiefs batting - Pitching for York Revolution : RHP Manny Merico
|
Batting: RHB Arturo Morales
|
0-0: Ball 1-0: Ground out 5-3 (Groundball, 5S)
|
Batting: RHB Menno van de Vlugt
|
0-0: Ball 1-0: Foul Ball, location: 2F 1-1: Ground out 6-3 (Groundball, 6M)
|
Batting: RHB José Magana
|
0-0: Ball 1-0: Called Strike 1-1: Called Strike 1-2: Ball 2-2: Foul Ball, location: 2F 2-2: Fly out, F8 (Flyball, 8LM)
|
Top of the 9th over - 0 run(s), 0 hit(s), 0 error(s), 0 left on base; Connetquot 0 - York 4 |
|